 Dungeon Crawl Stone Soup version 0.18-a0-1577-gf591c28 (webtiles) character file.

22294 Chiseanne the Unseen (level 12, -6/84 HPs)
             Began as an Octopode Assassin on Mar 23, 2016.
             Was an Initiate of Gozag.
             Mangled by a skeletal warrior
             ... wielding a +0 mace
              (18 damage)
             ... on level 15 of the Dungeon.
             The game lasted 00:58:41 (15095 turns).

Chiseanne the Unseen (Octopode Assassin)           Turns: 15095, Time: 00:58:41

Health: -6/84      AC:  5    Str: 14    XL:     12   Next: 99%
Magic:  12/12      EV: 20    Int: 13    God:    Gozag
Gold:   1166       SH: 12    Dex: 17    Spells: 1 memorised, 9 levels left

rFire  + . .     SeeInvis .     a - +3 dagger (elec)
rCold  . . .     Gourm    .     m - +0 shield
rNeg   . . .     Faith    .     S - +2 hat
rPois  .         Spirit   .     h - amulet of regeneration
rElec  +         Dismiss  .     u - ring of flight
rCorr  .         Reflect  .     C - ring of protection from fire
SustAt .         Harm     .     (no ring)
MR     .....                    (no ring)
Stlth  ++++++++..               (no ring)
                                (no ring)
                                (no ring)
                                (no ring)

@: gold aura, not resistant to hostile enchantments, extraordinarily stealthy
A: almost no armour, amphibious, 8 rings, constrict 8, antennae 1, tentacle
spike 1, slimy green scales 1, camouflage 1, electricity resistance, strong 1,
gelatinous body 1
a: Potion Petition, Call Merchant, Bribe Branch, Renounce Religion, Evoke Flight


You were on level 15 of the Dungeon.
You worshipped Gozag.
Gozag was noncommittal.
You were not hungry.

You visited 2 branches of the dungeon, and saw 16 of its levels.
You also visited: Bailey.

You collected 2895 gold pieces.
You spent 527 gold pieces at shops.
You paid 1202 gold pieces to Gozag.

Inventory:

Hand Weapons
 a - a +3 dagger of electrocution (weapon)
 d - a +1 flail of protection
 e - a +2 hunting sling of flaming
 f - a +3 long sword of freezing
 s - a +3 short sword of holy wrath
 w - a +0 blowgun
 M - a +3 scimitar of flaming
Missiles
 c - 53 poisoned needles
 o - 65 tomahawks of returning
 x - 119 sling bullets
 z - 8 javelins
 A - 3 tomahawks (quivered)
 E - 15 needles of paralysis
 G - a curare-tipped needle
 K - 67 bolts
 R - 17 sling bullets of flame
Armour
 m - a +0 shield (worn)
 S - a +2 hat (worn)
Jewellery
 h - an amulet of regeneration (around mantle)
 p - an uncursed ring of fire
 u - a ring of flight (left tentacle)
 C - a ring of protection from fire (right tentacle)
 X - an uncursed ring of protection from magic {unknown}
Wands
 k - a wand of confusion (6/48)
 T - a wand of lightning (0/15)
 U - a wand of enslavement (12/24)
 W - a wand of confusion (33/48)
Scrolls
 B - 6 scrolls of remove curse
 F - a scroll of recharging
 I - a scroll of blinking
 N - 3 scrolls of immolation
 O - a scroll of identify
 P - 2 scrolls of enchant armour
Potions
 b - a potion of brilliance {unknown}
 g - 5 potions of magic
 j - 4 potions of ambrosia
 l - 2 potions of curing
 q - 5 potions of lignification
 r - a potion of mutation {unknown}
 v - 3 potions of haste
 D - 3 potions of cure mutation
 L - a potion of cancellation
Books
 t - a book of Air

   Spells                             Type                      Level
   a - Shock                          Conjuration/Air              1
   b - Swiftness                      Charms/Air                   2
   c - Repel Missiles                 Charms/Air                   2
   d - Static Discharge               Conjuration/Air              3
   e - Lightning Bolt                 Conjuration/Air              5
 y - a book of the Sky

   Spells                             Type                      Level
   a - Summon Lightning Spire         Summoning/Air                4
   b - Airstrike                      Air                          4
   c - Silence                        Hexes/Air                    5
   d - Deflect Missiles               Charms/Air                   6
   e - Conjure Ball Lightning         Conjuration/Air              6
   f - Tornado                        Air                          9
 Q - Liychosu's Disquisition on Boosting Bewitchment
   (You found it on level 14 of the Dungeon)

   Spells                             Type                      Level
   a - Corona                         Hexes                        1
   b - Ensorcelled Hibernation        Hexes/Ice                    2
   c - Regeneration                   Charms/Necromancy            3
   d - Inner Flame                    Hexes/Fire                   3
   e - Yara's Violent Unravelling     Hexes/Transmutation          5
   f - Haste                          Charms                       6
Miscellaneous
 V - a stone of tremors
Comestibles
 i - a beef jerky
 n - 12 meat rations
 H - 10 fruits
 J - 8 bread rations


   Skills:
 + Level 8.5 Fighting
 - Level 2.0 Short Blades
 - Level 2.0 Throwing
 * Level 11.4 Dodging
 * Level 16.4 Stealth
 * Level 10.8 Shields


You had 9 spell levels left.
You knew the following spells:

 Your Spells              Type           Power        Failure   Level  Hunger
a - Repel Missiles        Chrm/Air       #.....       78%         2    ###....


Dungeon Overview and Level Annotations

Branches:
Dungeon (15/15)            Temple (1/1) D:6            Lair (0/8) D:10
    Orc (0/2) D:11         Vaults (0/5) D:14
 Depths: D:15

Altars:
Ashenzari
Cheibriados
Dithmenos
Elyvilon
Fedhas
Gozag
Kikubaaqudgha
Makhleb
Nemelex Xobeh
Okawaru
Pakellas
Qazlal
Ru
Sif Muna
Trog
Vehumet
Xom
Yredelemnul
Zin
The Shining One

Shops:
D:8 ?}   D:13 =

Annotations:
D:13 exclusion: downstairs


Innate Abilities, Weirdness & Mutations

You cannot wear most types of armour.
You are amphibious.
You can wear up to eight rings at the same time.
You can use your tentacles to constrict eight enemies at once.
Your skin changes colour to match your surroundings (Stealth).
Your rubbery body absorbs attacks (AC +1).
You have a pair of small antennae on your head.
One of your tentacles bears a spike.
You are partially covered in slimy green scales (AC +2).
You are resistant to electric shocks.
Your muscles are strong. (Str +2)


Message History

You block the skeletal warrior's attack.
You block the centaur warrior's attack.
A titan skeleton comes into view.
You hit the centaur warrior.
There is a sudden explosion of sparks!
Your squeeze misses the centaur warrior.
The centaur warrior is almost dead.
You block the centaur warrior's attack.
The stone giant skeleton hits you but does no damage.
You hit the centaur warrior.
The centaur warrior is almost dead.
The centaur warrior hits you!
* * * LOW HITPOINT WARNING * * *
The skeletal warrior closely misses you.
The stone giant skeleton misses you. You block the centaur warrior's attack.
You hit the centaur warrior.
There is a sudden explosion of sparks!
You kill the centaur warrior!
You block the skeletal warrior's attack.
The skeletal warrior hits you with a mace!!
You die...
Your body crumbles into a pile of gold.

#.# ........# #.#####
........### #..(...
P........$# #..(...
..........# ##..####
..........# #...#...
8.........#######...#...
.P.P.{zz............#..<
..Z..ZZ@............#...
......$(............#...
..P..8..............####
....8......._...........
8.....................##
......................#
......#######.##'##...#
......#...........#...#
..$...#...........# ..


You could see 2 skeletal warriors, a frost giant zombie, a stone giant skeleton
and a titan skeleton.

Vanquished Creatures
  2 centaur warriors (D:15)
  An unseen horror (D:10)
  3 hill giants
  Pikel (D:8)
  An orc knight (Bailey)
  A mana viper (shapeshifter) (D:13)
  An ugly thing (D:11)
  A deep elf mage (D:14)
  3 cyclopes
  A black mamba (shapeshifter) (D:13)
  3 centaur zombies
  A gargoyle (D:12)
  A yaktaur (shapeshifter) (D:15)
  A komodo dragon (D:13)
  4 trolls
  Grinder (D:6)
  Prince Ribbit (D:5)
  3 two-headed ogres
  A slime creature (D:14)
  A harpy skeleton (D:14)
  3 shadows
  A wraith (D:11)
  A wyvern (D:8)
  A steam dragon (D:11)
  2 hungry ghosts (D:11)
  4 vampire mosquitoes (D:13)
  4 hippogriffs
  A mottled dragon (D:14)
  Edmund (D:5)
  2 soldier ants
  3 orc warriors
  A slave (D:8)
  A black bear (D:9)
  8 ice beasts
  A sky beast (D:13)
  An eye of draining (D:11)
  3 phantoms
  12 ogres
  19 centaurs
  A crocodile (D:12)
  2 big kobolds (D:11)
  13 giant frogs
  2 wyvern skeletons
  7 scorpions
  5 wights (D:8)
  3 howler monkeys (D:10)
  An electric eel (D:6)
  3 crimson imps
  4 jellies
  7 hounds
  6 orc wizards
  3 centaur skeletons
  A giant frog skeleton (D:5)
  3 orc priests
  An iguana (D:13)
  14 worker ants
  3 sheep (D:14)
  A killer bee zombie (D:9)
  A hound zombie (D:9)
  A hound skeleton (D:5)
  A worker ant zombie (D:7)
  20 gnolls
  11 adders
  6 shadow imps
  An ooze (D:1)
  2 worms
  3 dart slugs
  A giant gecko (D:2)
  37 orcs
  A ball python (D:2)
  9 bats
  3 giant cockroaches
  11 goblins
  18 hobgoblins
  9 jackals
  15 kobolds
  3 quokkas
  A giant gecko skeleton (D:5)
  4 giant newts
  A jackal skeleton (D:5)
  2 quokka skeletons (D:4)
  A quokka zombie (D:7)
  13 rats
  12 plants (D:10)
368 creatures vanquished.

Vanquished Creatures (others)
  A dancing weapon (D:14)
  3 howler monkeys (D:8)
  A crimson imp (D:8)
  An orc wizard (D:8)
  2 orcs
8 creatures vanquished.

Grand Total: 376 creatures vanquished

Notes
Turn   | Place    | Note
--------------------------------------------------------------
     0 | D:1      | Chiseanne the Octopode Assassin began the quest for the Orb.
     0 | D:1      | Reached XP level 1. HP: 14/14 MP: 1/1
     9 | D:1      | Reached XP level 2. HP: 14/19 MP: 2/2
   370 | D:1      | Reached XP level 3. HP: 22/24 MP: 3/3
   473 | D:1      | Reached skill level 6 in Stealth
   753 | D:2      | Found a snail-covered altar of Cheibriados.
   758 | D:2      | Reached XP level 4. HP: 25/30 MP: 4/4
  1122 | D:2      | Reached XP level 5. HP: 34/36 MP: 5/5
  1180 | D:2      | Found a stormy altar of Qazlal.
  1341 | D:2      | Learned a level 2 spell: Repel Missiles
  2309 | D:3      | Reached skill level 7 in Stealth
  2683 | D:4      | Found a sparkling altar of Nemelex Xobeh.
  2741 | D:4      | Noticed a phantom
  2880 | D:4      | You fall through a shaft for 3 floors!
  2894 | D:7      | Reached skill level 1 in Shields
  2956 | D:7      | Noticed an ice beast
  3035 | D:6      | Reached XP level 6. HP: 42/42 MP: 6/6
  3042 | D:6      | Found a staircase to the Ecumenical Temple.
  3171 | D:6      | Found a snail-covered altar of Cheibriados.
  3246 | D:5      | Entered Level 5 of the Dungeon
  3408 | D:5      | Reached skill level 8 in Stealth
  3524 | D:5      | Reached XP level 7. HP: 39/46 MP: 7/7
  3606 | D:5      | Gained mutation: One of your tentacles bears a spike. [potion of beneficial mutation]
  3607 | D:5      | Gained mutation: You are partially covered in slimy green scales (AC +2). [potion of beneficial mutation]
  3633 | D:5      | Noticed Prince Ribbit
  3644 | D:5      | Killed Prince Ribbit
  3651 | D:5      | Found a shimmering altar of Xom.
  3794 | D:5      | Reached skill level 5 in Dodging
  3814 | D:5      | Noticed Edmund
  3879 | D:5      | Killed Edmund
  3879 | D:5      | Reached skill level 9 in Stealth
  3879 | D:5      | Reached XP level 8. HP: 36/54 MP: 8/8
  4632 | D:4      | Noticed a moth of wrath
  4635 | D:4      | Found a bloodstained altar of Trog.
  5105 | D:6      | Reached skill level 10 in Stealth
  5210 | D:7      | Reached skill level 5 in Shields
  5210 | D:7      | Reached XP level 9. HP: 43/59 MP: 9/9
  5842 | D:6      | Noticed Grinder
  5852 | D:6      | Killed Grinder
  5852 | D:6      | Reached skill level 5 in Fighting
  5976 | Temple   | Entered the Ecumenical Temple
  6021 | Temple   | Became a worshipper of Gozag Ym Sagoz the Greedy
  6168 | D:8      | Noticed a two-headed ogre
  6175 | D:8      | Found a flagged portal.
  6187 | D:7      | Reached skill level 11 in Stealth
  6374 | D:7      | Found an ancient bone altar of Kikubaaqudgha.
  6642 | D:7      | Found an iron altar of Okawaru.
  6720 | D:8      | Found a deep blue altar of Sif Muna.
  6744 | D:8      | Killed a two-headed ogre
  6759 | D:8      | Reached skill level 12 in Stealth
  6773 | D:8      | Found Zysk's Gadget Shop.
  6820 | Bailey   | Entered a bailey
  6866 | Bailey   | Reached XP level 10. HP: 66/66 MP: 10/10
  7110 | Bailey   | Noticed an orc knight
  7165 | Bailey   | Killed an orc knight
  7411 | D:8      | Bought 2 scrolls of enchant weapon for 165 gold pieces
  7411 | D:8      | Bought a scroll of blinking for 82 gold pieces
  7411 | D:8      | Bought a scroll of identify for 22 gold pieces
  7515 | D:8      | Noticed Pikel
  7528 | D:8      | Killed Pikel
  7652 | D:8      | Gained mutation: Your muscles are strong. (Str +2) [potion of beneficial mutation]
  7653 | D:8      | Gained mutation: You have a pair of small antennae on your head. [potion of beneficial mutation]
  7856 | D:8      | Bought a scroll of teleportation for 33 gold pieces
  7856 | D:8      | Bought a scroll of enchant armour for 82 gold pieces
  7856 | D:8      | Bought a scroll of remove curse for 33 gold pieces
  8312 | D:9      | Reached skill level 13 in Stealth
  8940 | D:10     | Entered Level 10 of the Dungeon
  9148 | D:10     | Noticed a hill giant
  9178 | D:10     | Killed an unseen horror
  9179 | D:10     | Killed a hill giant
  9179 | D:10     | Reached XP level 11. HP: 47/74 MP: 11/11
  9229 | D:10     | Found a staircase to the Lair.
  9757 | D:11     | Found a staircase to the Orcish Mines.
 10129 | D:11     | Noticed a red ugly thing
 10145 | D:11     | Reached skill level 14 in Stealth
 10413 | D:11     | Killed a red ugly thing
 11130 | D:12     | Noticed a cyclops
 11142 | D:12     | Killed a cyclops
 11305 | D:12     | Reached skill level 10 in Dodging
 12049 | D:13     | Reached skill level 15 in Stealth
 12059 | D:13     | Reached XP level 12. HP: 23/81 MP: 12/12
 12968 | D:13     | Noticed a catoblepas
 13080 | D:14     | Noticed a five-headed hydra
 13182 | D:13     | Bought a cursed ring of teleportation for 76 gold pieces
 13182 | D:13     | Bought a cursed amulet of inaccuracy for 34 gold pieces
 13190 | D:14     | Found a gate to the Vaults.
 13473 | D:14     | Reached skill level 10 in Shields
 13708 | D:14     | Identified Liychosu's Disquisition on Boosting Bewitchment (You found it on level 14 of the Dungeon)
 14234 | D:14     | Reached skill level 16 in Stealth
 14733 | D:15     | Entered Level 15 of the Dungeon
 14772 | D:15     | Noticed a centaur warrior
 14773 | D:15     | Found a shimmering altar of Xom.
 14803 | D:15     | Noticed a centaur warrior
 14818 | D:15     | Gained mutation: You are resistant to electric shocks. [potion of beneficial mutation]
 14859 | D:15     | Killed a centaur warrior
 15064 | D:15     | Noticed a vampire mage
 15095 | D:15     | Killed a centaur warrior
 15095 | D:15     | Mangled by a skeletal warrior

Vault maps used:
D:1:      dpeg_arrival_ternary
D:2:      lemuel_round_altar, cheibriados_altar_1
D:3:      serial_co_window_serial, co_window_corner_a,
          co_window_of_opportunity_a, co_window_of_opportunity_a,
          co_window_of_opportunity_a, co_window_of_opportunity_a,
          co_window_of_opportunity_b, co_window_broadway_c, co_window_cross_4,
          co_window_broadway_b, co_window_broadway_c, co_window_corner_b,
          co_window_4corner_b, glass_columns_b, glass_columns_c, st_stairs_14
D:4:      tgw_trog, lemuel_crystal_altar, grunt_ministairs_15
D:5:      first_bread, xom_teletrap_fun, uniq_edmund, uniq_prince_ribbit1
D:6:      minmay_temple_entry_from_below_b, basic_altar, nrook_pool_corridor,
          uniq_grinder
D:7:      marbit_many_paths, okawaru_altar_gauntlet_db
D:8:      basic_altar, serial_shops, shop, enter_bailey_3, corner_web_ring,
          uniq_pikel
D:10:     dpeg_oklobed_lair
D:11:     orc_0_dummy, serial_column_ruins, column_ruins_hut,
          column_ruins_square_huge, column_ruins_grid_1, column_ruins_grid_1,
          column_ruins_grid_1, blue_anna_alchemist
D:14:     erik_vaults_1, hangedman_abyss_or_decor_clamps,
          hangedman_decor_riveting
D:15:     gammafunk_depths_entry_grave, basic_altar,
          wad_floor_pattern_untrapped, johnstein_pakellas_death_squad
Temple:   nicolae_temple_elliptical
Bailey:   bailey_axe_2, bailey

Skill      XL: |  1  2  3  4  5  6  7  8  9 10 11 12 |
---------------+-------------------------------------+-----
Dodging        | 2 3 4 5 6 7 9 10 11 | 11.4
Stealth        | 6 7 8 9 10 12 13 15 16 | 16.4
Fighting       | 3 4 5 6 7 8 |  8.5
Shields        | 1 2 3 5 6 8 9 10 | 10.8
Short Blades   | |  2.0
Throwing       | |  2.0

Action                   |  1- 3 |  4- 6 |  7- 9 | 10-12 || total
-------------------------+-------+-------+-------+-------++-------
Melee: Dagger            |    38 |   120 |   231 |   363 ||   752
       Short sword       |       |       |    14 |   214 ||   228
       Long sword        |       |       |       |    19 ||    19
       Scimitar          |       |       |       |    68 ||    68
 Fire: Blowgun           |       |    14 |     6 |    40 ||    60
       Hunting sling     |       |       |     2 |     6 ||     8
Throw: Tomahawk          |       |       |     4 |     5 ||     9
 Cast: Repel Missiles    |       |     2 |       |       ||     2
Invok: Call Merchant     |       |       |       |     2 ||     2
       Potion Petition   |       |       |       |     1 ||     1
Evoke: Wand              |       |       |    17 |     8 ||    25
  Use: Scroll            |     2 |     9 |     6 |    17 ||    34
       Potion            |       |     1 |     7 |    23 ||    31
 Stab: Sleeping          |    16 |    16 |    21 |    57 ||   110
       Distracted        |       |     1 |     4 |     4 ||     9
       Confused          |       |       |       |     2 ||     2
  Eat: Chunk             |       |     8 |     8 |       ||    16
       Fruit             |       |       |     4 |    23 ||    27
       Beef jerky        |       |       |     2 |     5 ||     7
       Pizza             |       |       |     1 |     1 ||     2
